 Dungeon Crawl Stone Soup version 0.21-a0-396-ga924934 (webtiles) character file.

1773 Ijustatesigmund the Covert (level 8, -7/40 HPs)
             Began as a Spriggan Assassin on Oct 19, 2017.
             Was a Follower of Ashenzari.
             Shot with an arrow by a centaur (13 damage)
             ... on level 7 of the Dungeon.
             The game lasted 00:24:20 (9632 turns).

Ijustatesigmund the Covert (Spriggan Assassin)      Turns: 9632, Time: 00:24:20

Health: -7/40      AC: 10    Str:  7    XL:     8   Next: 80%
Magic:  9/9        EV: 24    Int: 15    God:    Ashenzari [*.....]
Gold:   355        SH:  8    Dex: 21    Spells: 7/7 levels left

rFire    . . .     SeeInvis +   t - +2 dagger (protect)
rCold    . . .     Gourm    .   u - +1 buckler
rNeg     . . .     Faith    .   c - +0 robe
rPois    .         Spirit   .   (helmet restricted)
rElec    .         Reflect  .   d - +0 cloak
rCorr    .         Harm     .   (gloves unavailable)
MR       +....     Clarity  +   (boots unavailable)
Stlth    ++++++....             (no amulet)
HPRegen  0.13/turn              l - ring of stealth
MPRegen  0.11/turn              w - +4 ring of dexterity

@: protection aura, very quick
A: unfitting armour, see invisible, clarity, herbivore 3, speed 3, slow
metabolism 2
a: Curse Item, Scrying, Renounce Religion


You were on level 7 of the Dungeon.
You worshipped Ashenzari.
Ashenzari was aware of your devotion.
You were not hungry.

You visited 1 branch of the dungeon, and saw 7 of its levels.

You collected 355 gold pieces.

Inventory:

Hand Weapons
 a - a +4 dagger
 b - a +0 blowgun
 i - a +2 long sword of venom
 t - a +2 dagger of protection (weapon)
Missiles
 e - 7 poisoned needles
Armour
 c - a +0 robe (worn)
 d - a +0 cloak (worn)
 u - a +1 buckler (worn)
Jewellery
 l - a ring of stealth (left hand)
 p - an uncursed ring of protection from magic
 w - a +4 ring of dexterity (right hand)
 y - an uncursed ring of magical power
Wands
 x - a wand of polymorph (7/24)
Scrolls
 j - 2 scrolls of fear
 k - 4 scrolls of remove curse
 n - 4 scrolls of identify
 q - a scroll of recharging
 r - a scroll of blinking
 s - a scroll of amnesia
Potions
 m - 2 potions of brilliance
 o - a potion of mutation
 v - a potion of haste
 A - a potion of heal wounds
Books
 f - a book of Air

   Spells                             Type                      Level
   a - Shock                          Conjuration/Air              1
   b - Swiftness                      Charms/Air                   2
   c - Static Discharge               Conjuration/Air              3
   d - Airstrike                      Air                          4
   e - Lightning Bolt                 Conjuration/Air              5
Comestibles
 g - 11 bread rations
 h - 10 fruits
 z - a royal jelly


   Skills:
 - Level 3.4 Fighting
 + Level 6.1 Short Blades
 - Level 2.0 Throwing
 + Level 7.5 Dodging
 + Level 10.8 Stealth
 - Level 3.4 Shields


You had 7 spell levels left.
You didn't know any spells.

Dungeon Overview and Level Annotations

Branches:
Dungeon (7/15)             Temple (0/1) D:7

Altars:
Ashenzari
Nemelex Xobeh
Qazlal
Ru
Zin
The Shining One

Annotations:
D:5 tof's ghost, novice MiMo


Innate Abilities, Weirdness & Mutations

You are very small and have problems with some larger weapons.
You are too small for most types of armour.
You have supernaturally acute eyesight. (SInv)
You are a herbivore.
You cover ground extremely quickly.
You need consume almost no food.
You possess an exceptional clarity of mind.


Message History

You hit the orc warrior but do no damage.
Your weapon exudes an aura of protection.
The orc warrior is heavily wounded.
You closely miss the orc warrior.
The orc warrior is heavily wounded.
You block the orc warrior's attack.
You barely miss the orc warrior.
The orc warrior is heavily wounded.
The orc priest shouts!
The orc shouts!
You hit the orc warrior but do no damage.
The orc warrior is heavily wounded.
The orc warrior completely misses you.
You hit the orc warrior but do no damage.
The orc warrior is severely wounded.
The orc priest casts a cantrip, but nothing happens.
The orc warrior hits you with an enchanted battleaxe!!
* * * LOW HITPOINT WARNING * * *
The centaur shouts!
The centaur wields a shortbow.
The centaur shoots an arrow.
The arrow hits you!
You die...

######## ### ###########....#.#
####.### .................#
#....#.#### ....(......####.##
#........## .....####### ###
#.#......## ........# ######
#....$....# ..#...###
#.....######.o..((...# .#....#
#.....@.o..o.o((.....#
##....#####/....###....#.......##
##....#)#.#..... ###..##........
##....'...#..... #..####..####
#....#####..... #.## #### #
#..[..# .....c. ..# #.....#
....... #..# #....## ....... #..#
#....#


You could see an orc warrior, a centaur, an orc priest and 2 orcs.

Vanquished Creatures
  A spriggan (D:7)
  Duvessa (D:4)
  The ghost of Ijustatesigmund the Sneak, an amateur SpAs (D:4)
  A necrophage (D:4)
  2 phantoms (D:4)
  2 centaurs (D:5)
  The ghost of Ijustatesigmund the Sneak, an amateur SpAs (D:3)
  Dowan (D:4)
  A howler monkey (D:6)
  An orc priest (D:4)
  2 hounds
  A bullfrog skeleton (D:7)
  2 iguanas
  Natasha (thrice) (D:3)
  9 worker ants
  Robin (D:4)
  15 gnolls
  9 adders
  3 shadow imps
  An ooze (D:1)
  A worm (D:2)
  4 dart slugs
  A leopard gecko (D:2)
  17 orcs
  5 giant cockroaches
  12 goblins
  9 hobgoblins
  5 quokkas
  6 ball pythons (D:1)
  8 bats
  6 frilled lizards
  6 kobolds
  9 rats
  A fungus (D:1)
148 creatures vanquished.

Notes
Turn   | Place    | Note
-------+----------+-------------------------------------------
     0 | D:1      | Ijustatesigmund the Spriggan Assassin began the quest for the Orb.
     0 | D:1      | Reached XP level 1. HP: 10/10 MP: 2/2
    49 | D:1      | Reached skill level 6 in Stealth
    64 | D:1      | Reached XP level 2. HP: 11/14 MP: 3/3
   472 | D:1      | Reached XP level 3. HP: 14/18 MP: 4/4
   589 | D:1      | You fall through a shaft!
  1104 | D:2      | Found a stormy altar of Qazlal.
  1120 | D:2      | Reached XP level 4. HP: 19/22 MP: 5/5
  1236 | D:2      | Reached skill level 7 in Stealth
  2007 | D:3      | Noticed Ijustatesigmund's ghost (amateur SpAs)
  2013 | D:3      | Killed Ijustatesigmund's ghost
  2013 | D:3      | Reached XP level 5. HP: 25/25 MP: 6/6
  2021 | D:4      | Found the +8 glaive of the Guard {elec, +Rage AC+5 SInv}
  2028 | D:4      | Noticed Ijustatesigmund's ghost (amateur SpAs)
  2039 | D:4      | Noticed Dowan
  2040 | D:4      | Noticed Duvessa
  2646 | D:4      | Reached skill level 5 in Dodging
  2659 | D:4      | Reached skill level 8 in Stealth
  3127 | D:4      | Noticed a necrophage
  3141 | D:4      | Killed a necrophage
  3141 | D:4      | Reached XP level 6. HP: 29/29 MP: 7/7
  3175 | D:4      | Noticed Robin
  3224 | D:4      | Killed Robin
  3864 | D:3      | Noticed Natasha
  3866 | D:3      | Killed Natasha
  3866 | D:3      | Reached skill level 1 in Shields
  3998 | D:3      | Found a shattered altar of Ashenzari.
  3998 | D:3      | Found a glowing golden altar of the Shining One.
  4001 | D:3      | Became a worshipper of Ashenzari the Shackled
  4024 | D:3      | Noticed Natasha
  4039 | D:3      | Killed Natasha
  4233 | D:2      | Reached XP level 7. HP: 25/34 MP: 8/8
  4658 | D:3      | Noticed Natasha
  4668 | D:3      | Killed Natasha
  5206 | D:4      | Killed Ijustatesigmund's ghost
  5630 | D:4      | Gained mutation: You evolve. [potion of mutation]
  5630 | D:4      | Gained mutation: You are agile. (Dex +2) [potion of mutation]
  5718 | D:5      | Entered Level 5 of the Dungeon
  5757 | D:5      | Noticed tof's ghost (novice MiMo)
  6374 | D:4      | Reached skill level 9 in Stealth
  6675 | D:4      | Killed Dowan
  6675 | D:4      | Reached XP level 8. HP: 40/40 MP: 9/9
  6742 | D:4      | Killed Duvessa
  7643 | D:6      | Found a sparkling altar of Nemelex Xobeh.
  7644 | D:6      | Found a glowing silver altar of Zin.
  7815 | D:6      | Reached skill level 5 in Short Blades
  7936 | D:7      | Gained mutation: You possess an exceptional clarity of mind. [evolution]
  8803 | D:5      | Reached skill level 10 in Stealth
  9322 | D:7      | Found a sacrificial altar of Ru.
  9407 | D:7      | Lost mutation: You are agile. (Dex +2) [evolution]
  9407 | D:7      | Lost mutation: You evolve. [end of evolution]
  9522 | D:7      | Found a staircase to the Ecumenical Temple.
  9623 | D:7      | Reached * piety under Ashenzari
  9632 | D:7      | Shot with an arrow by a centaur

Vault maps used:
D:1:      onia_arrival_handbag, minmay_shallow_snake_nest
D:2:      nicolae_qazlal_eye_of_the_storm
D:3:      gammafunk_temple_overflow_elements, uniq_natasha
D:4:      kennysheep_spiral_hall, minivault_25, grunt_ministairs_4,
          serial_bayou_pond_e, uniq_robin, uniq_duvessa
D:5:      kennysheep_mini, first_bread, zaba_anthole, uniq_crazy_yiuf_cottage
D:6:      gammafunk_temple_overflow_wave, serial_bayou_crossing
D:7:      nicolae_ru_path_of_blood, temple_pool_b, basic_altar, the_bakery,
          nemelex_spade_bored_becter

Skill      XL: |  1  2  3  4  5  6  7  8 |
---------------+-------------------------+-----
Dodging        | 2 3 4 5 7 |  7.5
Stealth        | 6 7 8 9 10 | 10.8
Short Blades   | 3 4 6 |  6.1
Fighting       | 2 3 |  3.4
Shields        | 1 3 |  3.4
Throwing       | |  2.0

Action                   |  1- 3 |  4- 6 |  7- 9 || total
-------------------------+-------+-------+-------++-------
Melee: Dagger            |   136 |   182 |   416 ||   734
       Long sword        |       |       |    13 ||    13
 Fire: Blowgun           |    10 |    48 |    17 ||    75
Throw: Throwing net      |       |       |     2 ||     2
  Use: Scroll            |     6 |    10 |     2 ||    18
       Potion            |       |     2 |     6 ||     8
 Stab: Sleeping          |    15 |     9 |    13 ||    37
       Distracted        |       |     3 |     1 ||     4
       Held in net/web   |       |       |     2 ||     2
  Eat: Royal jelly       |       |     1 |     2 ||     3
       Fruit             |       |       |     1 ||     1
Armor: Robe              |    14 |    14 |    27 ||    55
Dodge: Dodged            |    70 |   163 |   248 ||   481
Block: Buckler           |       |    26 |   134 ||   160
       Rpst.: Long sword |       |       |     5 ||     5

Table legend:
 A = Spawn XP
 B = Non-spawn XP
 C = Spawn XP percentage of total XP
 D = Spawn monster count
 E = Non-spawn monster count
 F = Spawn count percentage of total count
 G = Total turns spent on level
                    A         B        C        D         E        F      G
               +---------+---------+-------+---------+---------+-------+---------
         Total |       0 |    2534 |   0.0 |       0 |     147 |   0.0 |  9632
               +---------+---------+-------+---------+---------+-------+---------
           D:1 |       0 |      75 |   0.0 |       0 |      36 |   0.0 |  1156
           D:2 |       0 |     131 |   0.0 |       0 |      23 |   0.0 |  1133
           D:3 |       0 |     314 |   0.0 |       0 |      22 |   0.0 |  1551
           D:4 |       0 |     956 |   0.0 |       0 |      31 |   0.0 |  2876
           D:5 |       0 |     463 |   0.0 |       0 |      12 |   0.0 |   995
           D:6 |       0 |     230 |   0.0 |       0 |      12 |   0.0 |  1323
           D:7 |       0 |     365 |   0.0 |       0 |      11 |   0.0 |   598
               +---------+---------+-------+---------+---------+-------+---------
